Boston Bruins vs Pittsburgh Penguins

Created - Friday, October 31, 2025 at 07:09

Goals
1 2 3 T
Boston Bruins 0 2 0 2
Pittsburgh Penguins 2 2 1 5
Shots
1 2 3 T
Boston Bruins 8 11 7 26
Pittsburgh Penguins 15 19 16 50

1st period

1. Pittsburgh Penguins , Mitchell Marner 34 (Leon Draisaitl 42, Pavel Buchnevich 17) at 5:57
2. Pittsburgh Penguins , Mitchell Marner 35 (Leon Draisaitl 43) at 16:09

Penalties :
No Penalty

2nd period

3. Boston Bruins , Joel Farabee 10 (Mark Kastelic 21, Ryan Strome 41) at 2:00
4. Pittsburgh Penguins , Phillip Danault 11 (Christian Dvorak 13, Zemgus Girgensons 5) at 4:55
5. Boston Bruins , Alex Laferriere 33 (Ryan Strome 42, Rasmus Sandin 16) at 11:03
6. Pittsburgh Penguins , Leon Draisaitl 28 (Mitchell Marner 41) at 12:36 (PP)

Penalties :
Jake Neighbours (BOS) for High sticking (Minor) at 2:11, Beck Malenstyn (BOS) for Slashing (Minor) at 8:43, Ryan Strome (BOS) for Tripping (Minor) at 12:07, Beck Malenstyn (BOS) for Diving (Minor) at 13:55, Samuel Girard (BOS) for Hooking (Minor) at 19:40

3rd period

7. Pittsburgh Penguins , Pavel Buchnevich 18 (Tage Thompson 57, Gabriel Vilardi 29) at 5:55

Penalties :
Leon Draisaitl (PIT) for Tripping (Minor) at 12:10

Goalie Stats

Petr Mrazek (BOS), 45 saves from 50 shots - (0.900), L, 14-22-7, 60:00 minutes
Jordan Binnington (PIT), 24 saves from 26 shots - (0.923), W, 16-6-1, 60:00 minutes

Players Stats for Boston Bruins

Player Name              G  A  P  +/- PIM S  H  SB GA TA FO     MP     PP MP  PK MP  
------------------------------------------------------------------------------------
Adam Wilsby              0  0  0   1  0   1  0  3  0  0  0/0    21:25   0:47   4:29 
Alex Laferriere          1  0  1  -1  0   6  0  0  1  2  1/7    19:42   1:00   4:25 
Beck Malenstyn           0  0  0   1  4   0  0  0  0  0  0/0     9:17   0:00   0:00 
Fabian Lysell            0  0  0   0  0   0  0  1  0  0  0/0     9:05   0:05   0:00 
Jaden Schwartz           0  0  0  -2  0   5  0  0  1  0  2/11   15:19   1:00   0:24 
Jake Neighbours          0  0  0  -2  2   1  2  0  0  0  1/3    17:53   1:00   2:58 
Joel Farabee             1  0  1  -1  0   3  0  0  2  0  0/0    12:39   0:05   0:13 
John Marino              0  0  0   0  0   1  1  0  0  2  0/0    20:49   1:11   3:56 
Mark Kastelic            0  1  1  -1  0   0  0  0  1  1  1/7    12:13   0:00   0:00 
Maxim Tsyplakov          0  0  0   0  0   2  1  0  1  0  0/0    14:54   0:54   0:00 
Rasmus Sandin            0  1  1   0  0   0  4  0  1  0  0/0    24:44   1:11   3:56 
Ryan Strome              0  2  2   1  2   1  2  1  0  1  9/16   19:26   0:54   4:01 
Sam Colangelo            0  0  0   0  0   2  2  0  0  0  1/2     9:05   0:05   0:00 
Samuel Girard            0  0  0   1  2   0  0  0  0  2  0/0    16:04   0:01   0:00 
Ty Emberson              0  0  0  -3  0   0  4  5  0  1  0/0    23:59   0:48   4:29 
Victor Mancini           0  0  0  -3  0   0  0  1  0  0  0/0    12:59   0:00   0:00 
Viktor Arvidsson         0  0  0  -1  0   1  1  0  1  0  0/0    13:12   0:00   0:59 
Vladimir Tarasenko       0  0  0   0  0   3  0  0  0  0  0/3    18:45   0:54   3:50 

Players Stats for Pittsburgh Penguins

Player Name              G  A  P  +/- PIM S  H  SB GA TA FO     MP     PP MP  PK MP  
------------------------------------------------------------------------------------
Blake Coleman            0  0  0   0  0   4  0  0  2  2  0/0    12:52   0:00   0:00 
Brian Dumoulin           0  0  0   0  0   1  1  0  0  0  0/0    23:00   4:15   1:07 
Carson Soucy             0  0  0   0  0   1  0  1  0  0  0/0    14:00   0:00   0:00 
Christian Dvorak         0  1  1   0  0   1  1  0  0  0  0/0     8:55   0:03   0:23 
Erik Gudbranson          0  0  0   0  0   0  1  0  0  1  0/0    14:00   0:00   0:00 
Erik Karlsson            0  0  0   2  0   2  1  0  0  0  0/0    23:00   4:10   0:52 
Gabriel Vilardi          0  1  1   0  0   2  3  0  0  0  2/2    18:12   4:08   0:00 
Jordan Eberle            0  0  0   0  0   0  0  0  0  0  0/0    12:52   0:00   0:00 
Leon Draisaitl           1  2  3   2  2   6  0  1  2  0  13/17  18:32   4:14   0:00 
Mattias Ekholm           0  0  0   0  0   0  3  2  0  1  0/0    23:00   4:15   1:07 
Mitchell Marner          2  1  3   2  0   9  2  0  0  0  0/1    19:21   4:14   0:56 
Pavel Buchnevich         1  1  2   0  0   6  1  0  1  1  3/7    13:54   0:00   0:54 
Phillip Danault          1  0  1   0  0   2  2  0  0  0  0/0     8:21   0:00   0:00 
Ryan O'Reilly            0  0  0   0  0   2  1  1  2  1  12/17  18:52   4:08   0:40 
Sam Reinhart             0  0  0   2  0   1  3  1  0  1  2/2    19:21   4:14   0:56 
Tage Thompson            0  1  1   0  0   8  2  0  2  0  2/3    18:15   4:11   0:00 
Travis Sanheim           0  0  0   2  0   3  5  0  0  1  0/0    23:00   4:10   0:52 
Zemgus Girgensons        0  1  1   0  0   2  1  1  0  0  0/0     8:33   0:03   0:09 

3 Stars

1 - Mitchell Marner (PIT)
2 - Leon Draisaitl (PIT)
3 - Pavel Buchnevich (PIT)

Power Play

Boston Bruins - 0 on 1 Attempt(s) - 0.00%
Pittsburgh Penguins - 1 on 5 Attempt(s) - 20.00%

Penalty Kill

Boston Bruins - 4 on 5 Attempt(s) - 80.00% - Score 0 goal in Penalty Kill
Pittsburgh Penguins - 1 on 1 Attempt(s) - 100.00% - Score 0 goal in Penalty Kill

Team Stat

Boston Bruins - Hits : 17 - Faceoff Wins : 15 - Blocked Shots : 11 - Penalty Minutes : 10
Pittsburgh Penguins - Hits : 27 - Faceoff Wins : 34 - Blocked Shots : 7 - Penalty Minutes : 2

Official

Referees : Brian Pochmara and Cody Beach
Linesman : Unknown

Game Notes

No Game Note

Finance

Level 1 -- Attendance: 4694 (78.23%) -- Ticket Income $469,400
Level 2 -- Attendance: 4122 (82.44%) -- Ticket Income $247,320
Level 3 -- Attendance: 2460 (82.00%) -- Ticket Income $86,100
Level 4 -- Attendance: 3801 (76.02%) -- Ticket Income $95,025
Luxury Box -- Attendance: 783 (78.30%) -- Ticket Income $156,600
Game was played at the Consol Energy Center.
Total Attendance: 15860 (79.30%)
Total Ticket Income: $1,054,445
Other Income: $369,056
Total Income: $1,423,501

Boston Bruins

5 vs 5 Forward 
   Center                   Left Wing                Right Wing               Time % Phy DF OF 
 1 Jaden Schwartz           Jake Neighbours          Alex Laferriere          30     1   2  2  
 2 Ryan Strome              Vladimir Tarasenko       Maxim Tsyplakov          30     1   2  2  
 3 Mark Kastelic            Joel Farabee             Viktor Arvidsson         25     1   2  2  
 4 Sam Colangelo            Beck Malenstyn           Fabian Lysell            15     1   2  2  

5 vs 5 Defense 
   Defense                  Defense                                           Time % Phy DF OF 
 1 Victor Mancini           Ty Emberson                                       30     1   2  2  
 2 Rasmus Sandin            John Marino                                       30     1   2  2  
 3 Samuel Girard            Adam Wilsby                                       25     1   2  2  
 4 Rasmus Sandin            Ty Emberson                                       15     1   2  2  

PowerPlay Forward 
   Center                   Left Wing                Right Wing               Time % Phy DF OF 
 1 Jaden Schwartz           Jake Neighbours          Alex Laferriere          50     1   2  2  
 2 Ryan Strome              Vladimir Tarasenko       Maxim Tsyplakov          50     1   2  2  

PowerPlay Defense
   Defense                  Defense                                           Time % Phy DF OF 
 1 Adam Wilsby              Ty Emberson                                       50     1   2  2  
 2 Rasmus Sandin            John Marino                                       50     1   2  2  

Penalty Kill 4 Players Forward 
   Center                   Wing                     Time % Phy DF OF 
 1 Vladimir Tarasenko       Jake Neighbours          50     1   2  2  
 2 Alex Laferriere          Ryan Strome              50     1   2  2  

Penalty Kill 4 Players Defense
   Defense                  Defense                  Time % Phy DF OF 
 1 Adam Wilsby              Ty Emberson              50     1   2  2  
 2 Rasmus Sandin            John Marino              50     1   2  2  

Penalty Kill - 3 Players Forward 
   Forward                                           Time % Phy DF OF 
 1 Alex Laferriere                                   50     1   2  2  
 2 Jake Neighbours                                   50     1   2  2  

Penalty Kill - 3 Players Defense
   Defense                  Defense                  Time % Phy DF OF 
 1 Victor Mancini           Ty Emberson              50     1   2  2  
 2 Rasmus Sandin            John Marino              50     1   2  2  

4 vs 4 Forward 
   Center                   Wing                     Time % Phy DF OF 
 1 Joel Farabee             Jake Neighbours          50     1   2  2  
 2 Alex Laferriere          Ryan Strome              50     1   2  2  

4 vs 4 Defense
   Defense                  Defense                  Time % Phy DF OF 
 1 Victor Mancini           Ty Emberson              50     1   2  2  
 2 Rasmus Sandin            John Marino              50     1   2  2  

Last Minutes Offensive
   Center                   Left Wing                Right Wing               Defense                  Defense                  
   Jaden Schwartz           Jake Neighbours          Alex Laferriere          Victor Mancini           Ty Emberson              

Last Minutes Defensive
   Center                   Left Wing                Right Wing               Defense                  Defense                  
   Jaden Schwartz           Jake Neighbours          Alex Laferriere          Victor Mancini           Ty Emberson              

Goaltenders
Starting : Petr Mrazek              
Backup : Leevi Merilainen         

Extra Forwards
Normal : Sam Colangelo, Joel Farabee, Viktor Arvidsson - PP : Sam Colangelo, Joel Farabee - PK : Viktor Arvidsson
Extra Defensemen
Normal : Ty Emberson, Adam Wilsby, Rasmus Sandin - PP : Rasmus Sandin - PK : Adam Wilsby, Rasmus Sandin
Penalty Shots
Viktor Arvidsson, Jake Neighbours, Alex Laferriere, Ryan Strome, Vladimir Tarasenko

Scratches
Aatu Raty (Healthy), Urho Vaakanainen (Sprained Left Ankle Injury), Taylor Raddysh (Healthy), Sam Morton (Healthy), Jakob Pelletier (Healthy)

Pittsburgh Penguins

5 vs 5 Forward 
   Center                   Left Wing                Right Wing               Time % Phy DF OF 
 1 Leon Draisaitl           Sam Reinhart             Mitchell Marner          30     1   2  2  
 2 Ryan O'Reilly            Tage Thompson            Gabriel Vilardi          30     1   2  2  
 3 Pavel Buchnevich         Blake Coleman            Jordan Eberle            25     1   2  2  
 4 Phillip Danault          Christian Dvorak         Zemgus Girgensons        15     1   2  2  

5 vs 5 Defense 
   Defense                  Defense                                           Time % Phy DF OF 
 1 Travis Sanheim           Erik Karlsson                                     35     1   2  2  
 2 Brian Dumoulin           Mattias Ekholm                                    35     1   2  2  
 3 Carson Soucy             Erik Gudbranson                                   30     1   2  2  
 4 Travis Sanheim           Erik Karlsson                                     0      1   2  2  

PowerPlay Forward 
   Center                   Left Wing                Right Wing               Time % Phy DF OF 
 1 Leon Draisaitl           Sam Reinhart             Mitchell Marner          50     1   2  2  
 2 Ryan O'Reilly            Tage Thompson            Gabriel Vilardi          50     1   2  2  

PowerPlay Defense
   Defense                  Defense                                           Time % Phy DF OF 
 1 Travis Sanheim           Erik Karlsson                                     50     1   2  2  
 2 Brian Dumoulin           Mattias Ekholm                                    50     1   2  2  

Penalty Kill 4 Players Forward 
   Center                   Wing                     Time % Phy DF OF 
 1 Mitchell Marner          Leon Draisaitl           50     1   2  2  
 2 Sam Reinhart             Ryan O'Reilly            50     1   2  2  

Penalty Kill 4 Players Defense
   Defense                  Defense                  Time % Phy DF OF 
 1 Travis Sanheim           Erik Karlsson            50     1   2  2  
 2 Brian Dumoulin           Mattias Ekholm           50     1   2  2  

Penalty Kill - 3 Players Forward 
   Forward                                           Time % Phy DF OF 
 1 Mitchell Marner                                   50     1   2  2  
 2 Leon Draisaitl                                    50     1   2  2  

Penalty Kill - 3 Players Defense
   Defense                  Defense                  Time % Phy DF OF 
 1 Travis Sanheim           Erik Karlsson            50     1   2  2  
 2 Brian Dumoulin           Mattias Ekholm           50     1   2  2  

4 vs 4 Forward 
   Center                   Wing                     Time % Phy DF OF 
 1 Mitchell Marner          Leon Draisaitl           50     1   2  2  
 2 Sam Reinhart             Ryan O'Reilly            50     1   2  2  

4 vs 4 Defense
   Defense                  Defense                  Time % Phy DF OF 
 1 Travis Sanheim           Erik Karlsson            50     1   2  2  
 2 Brian Dumoulin           Mattias Ekholm           50     1   2  2  

Last Minutes Offensive
   Center                   Left Wing                Right Wing               Defense                  Defense                  
   Leon Draisaitl           Sam Reinhart             Mitchell Marner          Travis Sanheim           Erik Karlsson            

Last Minutes Defensive
   Center                   Left Wing                Right Wing               Defense                  Defense                  
   Leon Draisaitl           Sam Reinhart             Mitchell Marner          Travis Sanheim           Erik Karlsson            

Goaltenders
Starting : Jordan Binnington        
Backup : John Gibson              

Extra Forwards
Normal : Christian Dvorak, Zemgus Girgensons, Pavel Buchnevich - PP : Christian Dvorak, Zemgus Girgensons - PK : Pavel Buchnevich
Extra Defensemen
Normal : Carson Soucy, Erik Gudbranson, Brian Dumoulin - PP : Carson Soucy - PK : Erik Gudbranson, Brian Dumoulin
Penalty Shots
Mitchell Marner, Leon Draisaitl, Sam Reinhart, Ryan O'Reilly, Tage Thompson

Scratches
Jack Finley (Healthy), Justin Kirkland (Healthy), Kale Clague (Healthy), Michael DiPietro (Healthy)

% Time on Ice - Boston Bruins

Lines # - Real PCT - Wanted PCT - Time Play
Normal Forward
1 - 28% - 30% - 13:51
2 - 30% - 30% - 14:40
3 - 25% - 25% - 12:13
4 - 18% - 15% - 8:52
Normal Defense
1 - 31% - 30% - 15:12
2 - 28% - 30% - 13:48
3 - 30% - 25% - 14:38
4 - 12% - 15% - 5:58
PP Forward
1 - 50% - 50% - 1:00
2 - 50% - 50% - 0:59
PP Defense
1 - 40% - 50% - 0:48
2 - 60% - 50% - 1:11
PK Forward
1 - 50% - 50% - 4:14
2 - 50% - 50% - 4:11
PK Defense
1 - 53% - 50% - 4:29
2 - 47% - 50% - 3:56
PK3 Forward
1 - 0% - 50%
2 - 0% - 50%
PK3 Defense
1 - 0% - 50%
2 - 0% - 50%
44 Forward
1 - 0% - 50%
2 - 0% - 50%
44 Defense
1 - 0% - 50%
2 - 0% - 50%
Last Minute Offensive  - 0:00
Last Minute Defensive  - 0:00
Total
Forward - 60:00
Defense - 60:00

% Time on Ice - Pittsburgh Penguins

Lines # - Real PCT - Wanted PCT - Time Play
Normal Forward
1 - 29% - 30% - 14:19
2 - 28% - 30% - 14:04
3 - 26% - 25% - 12:52
4 - 17% - 15% - 8:21
Normal Defense
1 - 34% - 35% - 16:52
2 - 36% - 35% - 17:38
3 - 28% - 30% - 14:00
4 - 2% - 0% - 1:06
PP Forward
1 - 50% - 50% - 4:14
2 - 50% - 50% - 4:11
PP Defense
1 - 50% - 50% - 4:10
2 - 50% - 50% - 4:15
PK Forward
1 - 66% - 50% - 1:19
2 - 34% - 50% - 0:40
PK Defense
1 - 44% - 50% - 0:52
2 - 56% - 50% - 1:07
PK3 Forward
1 - 0% - 50%
2 - 0% - 50%
PK3 Defense
1 - 0% - 50%
2 - 0% - 50%
44 Forward
1 - 0% - 50%
2 - 0% - 50%
44 Defense
1 - 0% - 50%
2 - 0% - 50%
Last Minute Offensive  - 0:00
Last Minute Defensive  - 0:00
Total
Forward - 60:00
Defense - 60:00

Play-by-Play

1st period


0:01 of 1st period - Leon Draisaitl wins face-off versus Jaden Schwartz in neutral zone.
0:58 of 1st period - Snap shot by Christian Dvorak.
0:58 of 1st period - Stopped by Petr Mrazek with a rebound.
1:08 of 1st period - Beck Malenstyn is hit by Pavel Buchnevich and loses puck.
1:17 of 1st period - Slapshot by Sam Colangelo.
1:17 of 1st period - Shot Blocked by Mattias Ekholm.
1:33 of 1st period - Wrist shot by Jaden Schwartz.
1:33 of 1st period - Shot Hit the Post.
2:30 of 1st period - Snap shot by Pavel Buchnevich.
2:30 of 1st period - Deflect By Jordan Eberle.
2:30 of 1st period - Shot Blocked by Adam Wilsby.
2:30 of 1st period - Puck is out of play.
2:31 of 1st period - Sam Colangelo wins face-off versus Pavel Buchnevich in Boston Bruins zone.
3:01 of 1st period - Rasmus Sandin is hit by Erik Karlsson and loses puck.
3:49 of 1st period - Snap shot by Phillip Danault.
3:49 of 1st period - Shot Misses the Net.
3:59 of 1st period - Maxim Tsyplakov is hit by Brian Dumoulin and loses puck.
4:44 of 1st period - Wrist shot by Jaden Schwartz.
4:44 of 1st period - Shot Misses the Net.
4:50 of 1st period - Samuel Girard is hit by Sam Reinhart and loses puck.
5:21 of 1st period - Beck Malenstyn is hit by Tage Thompson.
5:55 of 1st period - Wrist shot by Leon Draisaitl.
5:55 of 1st period - Shot Misses the Net.
5:57 of 1st period - Wrist shot by Mitchell Marner.
5:57 of 1st period - Goal by Mitchell Marner - Boston Bruins : 0 - Pittsburgh Penguins : 1.
5:58 of 1st period - Ryan O'Reilly wins face-off versus Jaden Schwartz in neutral zone.
6:01 of 1st period - Snap shot by Ryan O'Reilly.
6:01 of 1st period - Stopped by Petr Mrazek with a rebound.
6:03 of 1st period - Slapshot by Brian Dumoulin.
6:03 of 1st period - Shot Misses the Net.
6:05 of 1st period - Wrist shot by Ryan O'Reilly.
6:05 of 1st period - Shot Misses the Net.
6:07 of 1st period - Snap shot by Ryan O'Reilly.
6:07 of 1st period - Stopped by Petr Mrazek without a rebound.
6:08 of 1st period - Ryan O'Reilly wins face-off versus Jaden Schwartz in Boston Bruins zone.
6:11 of 1st period - Wrist shot by Tage Thompson.
6:11 of 1st period - Stopped by Petr Mrazek without a rebound.
6:12 of 1st period - Leon Draisaitl wins face-off versus Mark Kastelic in Boston Bruins zone.
6:15 of 1st period - Snap shot by Leon Draisaitl.
6:15 of 1st period - Shot Misses the Net.
6:38 of 1st period - Mattias Ekholm is hit by Maxim Tsyplakov.
7:11 of 1st period - Wrist shot by Tage Thompson.
7:11 of 1st period - Stopped by Petr Mrazek with a rebound.
7:13 of 1st period - Slapshot by Gabriel Vilardi.
7:13 of 1st period - Stopped by Petr Mrazek without a rebound.
7:14 of 1st period - Ryan O'Reilly wins face-off versus Mark Kastelic in Boston Bruins zone.
7:15 of 1st period - Snap shot by Tage Thompson.
7:15 of 1st period - Stopped by Petr Mrazek with a rebound.
8:04 of 1st period - Slapshot by Ryan Strome.
8:04 of 1st period - Shot Misses the Net.
8:22 of 1st period - Fabian Lysell is hit by Mattias Ekholm and loses puck.
9:01 of 1st period - Snap shot by Joel Farabee.
9:01 of 1st period - Stopped by Jordan Binnington without a rebound.
9:02 of 1st period - Ryan O'Reilly wins face-off versus Jaden Schwartz in Pittsburgh Penguins zone.
9:27 of 1st period - Mattias Ekholm is hit by Jake Neighbours and loses puck.
10:03 of 1st period - Wrist shot by Alex Laferriere.
10:03 of 1st period - Shot Misses the Net.
10:09 of 1st period - Backhand shot by Jake Neighbours.
10:09 of 1st period - Shot Misses the Net.
10:17 of 1st period - Wrist shot by Tage Thompson.
10:17 of 1st period - Shot Misses the Net.
10:19 of 1st period - Slapshot by Carson Soucy.
10:19 of 1st period - Stopped by Petr Mrazek without a rebound.
10:20 of 1st period - Ryan Strome wins face-off versus Leon Draisaitl in Boston Bruins zone.
10:26 of 1st period - Off-side.
10:27 of 1st period - Ryan Strome wins face-off versus Leon Draisaitl in neutral zone.
10:35 of 1st period - Snap shot by Leon Draisaitl.
10:35 of 1st period - Stopped by Petr Mrazek with a rebound.
10:39 of 1st period - Wrist shot by Mitchell Marner.
10:39 of 1st period - Shot Misses the Net.
10:41 of 1st period - Slapshot by Travis Sanheim.
10:41 of 1st period - Stopped by Petr Mrazek with a rebound.
11:15 of 1st period - Snap shot by Erik Karlsson.
11:15 of 1st period - Shot Misses the Net.
12:08 of 1st period - Mattias Ekholm is hit by Sam Colangelo and loses puck.
12:48 of 1st period - Samuel Girard is hit by Erik Gudbranson and loses puck.
13:35 of 1st period - Tage Thompson is hit by Ryan Strome.
13:41 of 1st period - Maxim Tsyplakov is hit by Tage Thompson and loses puck.
13:58 of 1st period - Wrist shot by Tage Thompson.
13:58 of 1st period - Stopped by Petr Mrazek with a rebound.
14:17 of 1st period - Snap shot by Ryan Strome.
14:17 of 1st period - Stopped by Jordan Binnington with a rebound.
14:41 of 1st period - Wrist shot by Maxim Tsyplakov.
14:41 of 1st period - Shot Misses the Net.
14:43 of 1st period - Snap shot by Victor Mancini.
14:43 of 1st period - Shot Misses the Net.
14:45 of 1st period - Snap shot by Vladimir Tarasenko.
14:45 of 1st period - Stopped by Jordan Binnington with a rebound.
14:47 of 1st period - Snap shot by Vladimir Tarasenko.
14:47 of 1st period - Stopped by Jordan Binnington without a rebound.
14:48 of 1st period - Leon Draisaitl wins face-off versus Mark Kastelic in Pittsburgh Penguins zone.
15:15 of 1st period - Alex Laferriere is hit by Travis Sanheim and loses puck.
15:59 of 1st period - Off-side.
16:00 of 1st period - Leon Draisaitl wins face-off versus Mark Kastelic in neutral zone.
16:09 of 1st period - Snap shot by Mitchell Marner.
16:09 of 1st period - Goal by Mitchell Marner - Boston Bruins : 0 - Pittsburgh Penguins : 2.
16:10 of 1st period - Jaden Schwartz wins face-off versus Pavel Buchnevich in neutral zone.
16:17 of 1st period - Slapshot by Pavel Buchnevich.
16:17 of 1st period - Shot Blocked by Ty Emberson.
16:35 of 1st period - Sam Reinhart is hit by Ty Emberson and loses puck.
17:10 of 1st period - Snap shot by Tage Thompson.
17:10 of 1st period - Shot Blocked by Adam Wilsby.
18:05 of 1st period - Slapshot by Viktor Arvidsson.
18:05 of 1st period - Shot Blocked by Carson Soucy.
18:07 of 1st period - Backhand shot by Adam Wilsby.
18:07 of 1st period - Stopped by Jordan Binnington without a rebound.
18:08 of 1st period - Pavel Buchnevich wins face-off versus Ryan Strome in Pittsburgh Penguins zone.
18:15 of 1st period - Wrist shot by Blake Coleman.
18:15 of 1st period - Stopped by Petr Mrazek without a rebound.
18:16 of 1st period - Ryan Strome wins face-off versus Pavel Buchnevich in Boston Bruins zone.
18:16 of 1st period - Ryan Strome is hit by Mattias Ekholm.
18:41 of 1st period - Snap shot by Alex Laferriere.
18:41 of 1st period - Shot Misses the Net.
19:11 of 1st period - Wrist shot by Ryan O'Reilly.
19:11 of 1st period - Shot Misses the Net.
19:13 of 1st period - Wrist shot by Gabriel Vilardi.
19:13 of 1st period - Shot Blocked by Victor Mancini.
19:29 of 1st period - Slapshot by Phillip Danault.
19:29 of 1st period - Shot Misses the Net.
19:31 of 1st period - Snap shot by Zemgus Girgensons.
19:31 of 1st period - Stopped by Petr Mrazek with a rebound.
19:33 of 1st period - Snap shot by Phillip Danault.
19:33 of 1st period - Deflect By Sam Colangelo.
19:33 of 1st period - Shot Misses the Net.
19:33 of 1st period - Puck is out of play.
19:34 of 1st period - Leon Draisaitl wins face-off versus Jaden Schwartz in Boston Bruins zone.
19:42 of 1st period - Wrist shot by Alex Laferriere.
19:42 of 1st period - Stopped by Jordan Binnington with a rebound.
19:44 of 1st period - Snap shot by Jake Neighbours.
19:44 of 1st period - Stopped by Jordan Binnington with a rebound.
19:48 of 1st period - Wrist shot by Alex Laferriere.
19:48 of 1st period - Shot Misses the Net.
19:50 of 1st period - Snap shot by Jaden Schwartz.
19:50 of 1st period - Stopped by Jordan Binnington with a rebound.
Goals for this period are 0 for Boston Bruins vs 2 for Pittsburgh Penguins.
Shots for this period are 8 for Boston Bruins vs 15 for Pittsburgh Penguins.

2nd period


0:01 of 2nd period - Ryan Strome wins face-off versus Leon Draisaitl in neutral zone.
1:10 of 2nd period - Adam Wilsby is hit by Phillip Danault and loses puck.
1:19 of 2nd period - Snap shot by Christian Dvorak.
1:19 of 2nd period - Shot Misses the Net.
1:21 of 2nd period - Backhand shot by Zemgus Girgensons.
1:21 of 2nd period - Shot Blocked by Adam Wilsby.
1:23 of 2nd period - Slapshot by Christian Dvorak.
1:23 of 2nd period - Shot Misses the Net.
1:43 of 2nd period - Vladimir Tarasenko is hit by Sam Reinhart and loses puck.
2:00 of 2nd period - Snap shot by Joel Farabee.
2:00 of 2nd period - Goal by Joel Farabee - Boston Bruins : 1 - Pittsburgh Penguins : 2.
2:01 of 2nd period - Alex Laferriere wins face-off versus Mitchell Marner in neutral zone.
2:11 of 2nd period - Minor Penalty to Jake Neighbours for High sticking.
2:12 of 2nd period - Leon Draisaitl wins face-off versus Vladimir Tarasenko in Boston Bruins zone.
2:58 of 2nd period - Rasmus Sandin is hit by Travis Sanheim and loses puck.
4:11 of 2nd period - Penalty to Jake Neighbours is over, Jake Neighbours is back on ice.
4:32 of 2nd period - Travis Sanheim is hit by Sam Colangelo and loses puck.
4:55 of 2nd period - Wrist shot by Phillip Danault.
4:55 of 2nd period - Goal by Phillip Danault - Boston Bruins : 1 - Pittsburgh Penguins : 3.
4:56 of 2nd period - Sam Reinhart wins face-off versus Jake Neighbours in neutral zone.
5:26 of 2nd period - Snap shot by Maxim Tsyplakov.
5:26 of 2nd period - Stopped by Jordan Binnington without a rebound.
5:27 of 2nd period - Ryan Strome wins face-off versus Ryan O'Reilly in Pittsburgh Penguins zone.
5:28 of 2nd period - Snap shot by Maxim Tsyplakov.
5:28 of 2nd period - Stopped by Jordan Binnington without a rebound.
5:29 of 2nd period - Gabriel Vilardi wins face-off versus Vladimir Tarasenko in Pittsburgh Penguins zone.
5:38 of 2nd period - Snap shot by Tage Thompson.
5:38 of 2nd period - Stopped by Petr Mrazek without a rebound.
5:39 of 2nd period - Ryan Strome wins face-off versus Leon Draisaitl in Boston Bruins zone.
6:05 of 2nd period - Pavel Buchnevich is hit by Jake Neighbours.
6:38 of 2nd period - Backhand shot by Mark Kastelic.
6:38 of 2nd period - Shot Misses the Net.
6:40 of 2nd period - Slapshot by John Marino.
6:40 of 2nd period - Deflect By Ryan O'Reilly.
6:40 of 2nd period - Stopped by Jordan Binnington without a rebound.
6:41 of 2nd period - Leon Draisaitl wins face-off versus Ryan Strome in Pittsburgh Penguins zone.
7:08 of 2nd period - Mattias Ekholm is hit by Ty Emberson and loses puck.
7:15 of 2nd period - Wrist shot by Alex Laferriere.
7:15 of 2nd period - Stopped by Jordan Binnington without a rebound.
7:16 of 2nd period - Mark Kastelic wins face-off versus Pavel Buchnevich in Pittsburgh Penguins zone.
7:48 of 2nd period - Slapshot by Jake Neighbours.
7:48 of 2nd period - Shot Blocked by Sam Reinhart.
7:50 of 2nd period - Snap shot by Jake Neighbours.
7:50 of 2nd period - Deflect By Jaden Schwartz.
7:50 of 2nd period - Stopped by Jordan Binnington with a rebound.
7:52 of 2nd period - Snap shot by Jake Neighbours.
7:52 of 2nd period - Shot Blocked by Leon Draisaitl.
8:10 of 2nd period - Wrist shot by Sam Colangelo.
8:10 of 2nd period - Stopped by Jordan Binnington with a rebound.
8:16 of 2nd period - Snap shot by Mitchell Marner.
8:16 of 2nd period - Stopped by Petr Mrazek with a rebound.
8:18 of 2nd period - Slapshot by Erik Karlsson.
8:18 of 2nd period - Stopped by Petr Mrazek with a rebound.
8:28 of 2nd period - Snap shot by Leon Draisaitl.
8:28 of 2nd period - Stopped by Petr Mrazek with a rebound.
8:30 of 2nd period - Snap shot by Mitchell Marner.
8:30 of 2nd period - Stopped by Petr Mrazek with a rebound.
8:32 of 2nd period - Slapshot by Erik Karlsson.
8:32 of 2nd period - Shot Blocked by Ty Emberson.
8:43 of 2nd period - Minor Penalty to Beck Malenstyn for Slashing.
8:44 of 2nd period - Tage Thompson wins face-off versus Alex Laferriere in Boston Bruins zone.
9:13 of 2nd period - Mattias Ekholm is hit by Rasmus Sandin and loses puck.
9:34 of 2nd period - Snap shot by Tage Thompson.
9:34 of 2nd period - Shot Misses the Net.
9:36 of 2nd period - Slapshot by Ryan O'Reilly.
9:36 of 2nd period - Shot Misses the Net.
9:38 of 2nd period - Slapshot by Ryan O'Reilly.
9:38 of 2nd period - Shot Misses the Net.
9:40 of 2nd period - Wrist shot by Tage Thompson.
9:40 of 2nd period - Shot Misses the Net.
9:42 of 2nd period - Wrist shot by Gabriel Vilardi.
9:42 of 2nd period - Stopped by Petr Mrazek without a rebound.
9:43 of 2nd period - Leon Draisaitl wins face-off versus Alex Laferriere in Boston Bruins zone.
9:48 of 2nd period - Snap shot by Leon Draisaitl.
9:48 of 2nd period - Shot Blocked by Ryan Strome.
9:58 of 2nd period - Snap shot by Mitchell Marner.
9:58 of 2nd period - Stopped by Petr Mrazek with a rebound.
10:00 of 2nd period - Snap shot by Sam Reinhart.
10:00 of 2nd period - Shot Blocked by Ty Emberson.
10:43 of 2nd period - Penalty to Beck Malenstyn is over, Beck Malenstyn is back on ice.
10:50 of 2nd period - John Marino is hit by Zemgus Girgensons and loses puck.
11:01 of 2nd period - Snap shot by Alex Laferriere.
11:01 of 2nd period - Stopped by Jordan Binnington with a rebound.
11:03 of 2nd period - Snap shot by Alex Laferriere.
11:03 of 2nd period - Goal by Alex Laferriere - Boston Bruins : 2 - Pittsburgh Penguins : 3.
11:04 of 2nd period - Ryan O'Reilly wins face-off versus Mark Kastelic in neutral zone.
11:55 of 2nd period - Backhand shot by Leon Draisaitl.
11:55 of 2nd period - Stopped by Petr Mrazek with a rebound.
11:57 of 2nd period - Slapshot by Leon Draisaitl.
11:57 of 2nd period - Stopped by Petr Mrazek with a rebound.
12:01 of 2nd period - Slapshot by Mitchell Marner.
12:01 of 2nd period - Stopped by Petr Mrazek with a rebound.
12:03 of 2nd period - Wrist shot by Mitchell Marner.
12:03 of 2nd period - Stopped by Petr Mrazek without a rebound.
12:04 of 2nd period - Ryan Strome wins face-off versus Ryan O'Reilly in Boston Bruins zone.
12:04 of 2nd period - Ryan Strome is hit by Gabriel Vilardi.
12:07 of 2nd period - Minor Penalty to Ryan Strome for Tripping.
12:08 of 2nd period - Leon Draisaitl wins face-off versus Alex Laferriere in Boston Bruins zone.
12:18 of 2nd period - Slapshot by Travis Sanheim.
12:18 of 2nd period - Stopped by Petr Mrazek with a rebound.
12:20 of 2nd period - Snap shot by Sam Reinhart.
12:20 of 2nd period - Deflect By Mitchell Marner.
12:20 of 2nd period - Stopped by Petr Mrazek without a rebound.
12:21 of 2nd period - Leon Draisaitl wins face-off versus Vladimir Tarasenko in Boston Bruins zone.
12:34 of 2nd period - Snap shot by Mitchell Marner.
12:34 of 2nd period - Stopped by Petr Mrazek with a rebound.
12:36 of 2nd period - Snap shot by Leon Draisaitl.
12:36 of 2nd period - Goal by Leon Draisaitl - Boston Bruins : 2 - Pittsburgh Penguins : 4.
12:37 of 2nd period - Gabriel Vilardi wins face-off versus Jaden Schwartz in neutral zone.
12:50 of 2nd period - Slapshot by Gabriel Vilardi.
12:50 of 2nd period - Shot Misses the Net.
13:55 of 2nd period - Minor Penalty to Beck Malenstyn for Diving.
13:56 of 2nd period - Ryan O'Reilly wins face-off versus Alex Laferriere in Boston Bruins zone.
14:22 of 2nd period - Leon Draisaitl is hit by Ryan Strome.
14:42 of 2nd period - Jake Neighbours is hit by Mattias Ekholm and loses puck.
15:55 of 2nd period - Penalty to Beck Malenstyn is over, Beck Malenstyn is back on ice.
16:12 of 2nd period - Wrist shot by Joel Farabee.
16:12 of 2nd period - Stopped by Jordan Binnington with a rebound.
16:18 of 2nd period - Viktor Arvidsson is hit by Travis Sanheim and loses puck.
16:45 of 2nd period - Carson Soucy is hit by Viktor Arvidsson and loses puck.
16:56 of 2nd period - Slapshot by Erik Gudbranson.
16:56 of 2nd period - Shot Blocked by Ty Emberson.
16:58 of 2nd period - Snap shot by Carson Soucy.
16:58 of 2nd period - Shot Misses the Net.
17:12 of 2nd period - Snap shot by Phillip Danault.
17:12 of 2nd period - Stopped by Petr Mrazek with a rebound.
17:14 of 2nd period - Snap shot by Phillip Danault.
17:14 of 2nd period - Shot Misses the Net.
17:16 of 2nd period - Snap shot by Zemgus Girgensons.
17:16 of 2nd period - Shot Misses the Net.
17:18 of 2nd period - Wrist shot by Phillip Danault.
17:18 of 2nd period - Shot Misses the Net.
17:20 of 2nd period - Snap shot by Zemgus Girgensons.
17:20 of 2nd period - Stopped by Petr Mrazek without a rebound.
17:21 of 2nd period - Ryan O'Reilly wins face-off versus Jaden Schwartz in Boston Bruins zone.
17:34 of 2nd period - Snap shot by Alex Laferriere.
17:34 of 2nd period - Shot Misses the Net.
17:56 of 2nd period - Leon Draisaitl is hit by Rasmus Sandin.
18:08 of 2nd period - Snap shot by Pavel Buchnevich.
18:08 of 2nd period - Stopped by Petr Mrazek without a rebound.
18:09 of 2nd period - Pavel Buchnevich wins face-off versus Sam Colangelo in Boston Bruins zone.
18:22 of 2nd period - Blake Coleman is hit by Rasmus Sandin and loses puck.
18:35 of 2nd period - Alex Laferriere is hit by Gabriel Vilardi and loses puck.
18:46 of 2nd period - Samuel Girard is hit by Ryan O'Reilly and loses puck.
18:57 of 2nd period - Snap shot by Maxim Tsyplakov.
18:57 of 2nd period - Deflect By Vladimir Tarasenko.
18:57 of 2nd period - Stopped by Jordan Binnington without a rebound.
18:58 of 2nd period - Leon Draisaitl wins face-off versus Ryan Strome in Pittsburgh Penguins zone.
19:40 of 2nd period - Minor Penalty to Samuel Girard for Hooking.
19:41 of 2nd period - Leon Draisaitl wins face-off versus Ryan Strome in Boston Bruins zone.
Goals for this period are 2 for Boston Bruins vs 2 for Pittsburgh Penguins.
Shots for this period are 11 for Boston Bruins vs 19 for Pittsburgh Penguins.

3rd period


0:01 of 3rd period - Ryan O'Reilly wins face-off versus Alex Laferriere in neutral zone.
0:31 of 3rd period - Mitchell Marner is hit by Ty Emberson and loses puck.
1:40 of 3rd period - Penalty to Samuel Girard is over, Samuel Girard is back on ice.
2:17 of 3rd period - Snap shot by Sam Colangelo.
2:17 of 3rd period - Stopped by Jordan Binnington with a rebound.
4:29 of 3rd period - Slapshot by Leon Draisaitl.
4:29 of 3rd period - Stopped by Petr Mrazek with a rebound.
5:25 of 3rd period - Wrist shot by Blake Coleman.
5:25 of 3rd period - Stopped by Petr Mrazek without a rebound.
5:26 of 3rd period - Ryan Strome wins face-off versus Ryan O'Reilly in Boston Bruins zone.
5:26 of 3rd period - Ryan Strome is hit by Travis Sanheim.
5:42 of 3rd period - Tage Thompson is hit by Ty Emberson and loses puck.
5:53 of 3rd period - Snap shot by Tage Thompson.
5:53 of 3rd period - Stopped by Petr Mrazek with a rebound.
5:55 of 3rd period - Wrist shot by Pavel Buchnevich.
5:55 of 3rd period - Goal by Pavel Buchnevich - Boston Bruins : 2 - Pittsburgh Penguins : 5.
5:56 of 3rd period - Ryan O'Reilly wins face-off versus Jake Neighbours in neutral zone.
6:11 of 3rd period - Slapshot by Alex Laferriere.
6:11 of 3rd period - Stopped by Jordan Binnington without a rebound.
6:12 of 3rd period - Pavel Buchnevich wins face-off versus Ryan Strome in Pittsburgh Penguins zone.
6:27 of 3rd period - Wrist shot by Ryan Strome.
6:27 of 3rd period - Shot Misses the Net.
7:02 of 3rd period - Slapshot by Jordan Eberle.
7:02 of 3rd period - Shot Misses the Net.
7:04 of 3rd period - Snap shot by Travis Sanheim.
7:04 of 3rd period - Shot Misses the Net.
7:06 of 3rd period - Wrist shot by Blake Coleman.
7:06 of 3rd period - Shot Misses the Net.
7:08 of 3rd period - Slapshot by Travis Sanheim.
7:08 of 3rd period - Shot Blocked by Ty Emberson.
7:36 of 3rd period - Wrist shot by Pavel Buchnevich.
7:36 of 3rd period - Stopped by Petr Mrazek with a rebound.
8:03 of 3rd period - Slapshot by Alex Laferriere.
8:03 of 3rd period - Deflect By Jaden Schwartz.
8:03 of 3rd period - Stopped by Jordan Binnington with a rebound.
8:07 of 3rd period - Snap shot by Jaden Schwartz.
8:07 of 3rd period - Shot Misses the Net.
8:09 of 3rd period - Slapshot by Alex Laferriere.
8:09 of 3rd period - Shot Misses the Net.
8:23 of 3rd period - Slapshot by Blake Coleman.
8:23 of 3rd period - Shot Misses the Net.
8:25 of 3rd period - Backhand shot by Blake Coleman.
8:25 of 3rd period - Stopped by Petr Mrazek with a rebound.
8:27 of 3rd period - Wrist shot by Pavel Buchnevich.
8:27 of 3rd period - Stopped by Petr Mrazek with a rebound.
8:29 of 3rd period - Snap shot by Pavel Buchnevich.
8:29 of 3rd period - Stopped by Petr Mrazek without a rebound.
8:30 of 3rd period - Ryan Strome wins face-off versus Ryan O'Reilly in Boston Bruins zone.
8:57 of 3rd period - Mark Kastelic is hit by Christian Dvorak and loses puck.
9:15 of 3rd period - Fabian Lysell is hit by Phillip Danault and loses puck.
9:34 of 3rd period - Vladimir Tarasenko is hit by Mitchell Marner and loses puck.
10:39 of 3rd period - Brian Dumoulin is hit by Rasmus Sandin.
11:25 of 3rd period - Jake Neighbours is hit by Mitchell Marner and loses puck.
11:48 of 3rd period - Samuel Girard is hit by Gabriel Vilardi and loses puck.
12:03 of 3rd period - Viktor Arvidsson is hit by Sam Reinhart.
12:10 of 3rd period - Minor Penalty to Leon Draisaitl for Tripping.
12:11 of 3rd period - Sam Reinhart wins face-off versus Alex Laferriere in Pittsburgh Penguins zone.
12:36 of 3rd period - Brian Dumoulin is hit by John Marino and loses puck.
12:41 of 3rd period - Backhand shot by Maxim Tsyplakov.
12:41 of 3rd period - Shot Misses the Net.
14:10 of 3rd period - Penalty to Leon Draisaitl is over, Leon Draisaitl is back on ice.
14:17 of 3rd period - Backhand shot by Erik Karlsson.
14:17 of 3rd period - Deflect By Leon Draisaitl.
14:17 of 3rd period - Shot Blocked by Fabian Lysell.
14:17 of 3rd period - Puck is out of play.
14:18 of 3rd period - Ryan O'Reilly wins face-off versus Mark Kastelic in Boston Bruins zone.
14:21 of 3rd period - Wrist shot by Tage Thompson.
14:21 of 3rd period - Stopped by Petr Mrazek with a rebound.
15:21 of 3rd period - Snap shot by Alex Laferriere.
15:21 of 3rd period - Shot Misses the Net.
15:23 of 3rd period - Wrist shot by Alex Laferriere.
15:23 of 3rd period - Deflect By Jaden Schwartz.
15:23 of 3rd period - Shot Blocked by Mattias Ekholm.
15:23 of 3rd period - Puck is out of play.
15:24 of 3rd period - Jake Neighbours wins face-off versus Ryan O'Reilly in Pittsburgh Penguins zone.
15:25 of 3rd period - Snap shot by Alex Laferriere.
15:25 of 3rd period - Stopped by Jordan Binnington with a rebound.
15:27 of 3rd period - Wrist shot by Jaden Schwartz.
15:27 of 3rd period - Stopped by Jordan Binnington without a rebound.
15:28 of 3rd period - Jaden Schwartz wins face-off versus Tage Thompson in Pittsburgh Penguins zone.
15:33 of 3rd period - Wrist shot by Jaden Schwartz.
15:33 of 3rd period - Stopped by Jordan Binnington without a rebound.
15:34 of 3rd period - Tage Thompson wins face-off versus Ryan Strome in Pittsburgh Penguins zone.
15:43 of 3rd period - Wrist shot by Travis Sanheim.
15:43 of 3rd period - Stopped by Petr Mrazek with a rebound.
16:10 of 3rd period - Wrist shot by Joel Farabee.
16:10 of 3rd period - Shot Blocked by Ryan O'Reilly.
16:12 of 3rd period - Wrist shot by Rasmus Sandin.
16:12 of 3rd period - Deflect By Viktor Arvidsson.
16:12 of 3rd period - Stopped by Jordan Binnington without a rebound.
16:13 of 3rd period - Leon Draisaitl wins face-off versus Ryan Strome in Pittsburgh Penguins zone.
16:28 of 3rd period - Slapshot by Sam Reinhart.
16:28 of 3rd period - Stopped by Petr Mrazek with a rebound.
16:40 of 3rd period - Ty Emberson is hit by Travis Sanheim and loses puck.
17:44 of 3rd period - Slapshot by Pavel Buchnevich.
17:44 of 3rd period - Shot Misses the Net.
17:46 of 3rd period - Wrist shot by Pavel Buchnevich.
17:46 of 3rd period - Stopped by Petr Mrazek with a rebound.
17:48 of 3rd period - Snap shot by Blake Coleman.
17:48 of 3rd period - Stopped by Petr Mrazek with a rebound.
17:50 of 3rd period - Slapshot by Brian Dumoulin.
17:50 of 3rd period - Stopped by Petr Mrazek with a rebound.
17:59 of 3rd period - Off-side.
18:00 of 3rd period - Ryan O'Reilly wins face-off versus Jaden Schwartz in neutral zone.
18:07 of 3rd period - Slapshot by Tage Thompson.
18:07 of 3rd period - Stopped by Petr Mrazek with a rebound.
18:10 of 3rd period - Icing by John Marino.
18:11 of 3rd period - Ryan O'Reilly wins face-off versus Jaden Schwartz in Boston Bruins zone.
19:00 of 3rd period - Snap shot by Mark Kastelic.
19:00 of 3rd period - Shot Blocked by Zemgus Girgensons.
19:06 of 3rd period - Slapshot by Erik Karlsson.
19:06 of 3rd period - Shot Misses the Net.
19:08 of 3rd period - Slapshot by Erik Karlsson.
19:08 of 3rd period - Stopped by Petr Mrazek with a rebound.
19:22 of 3rd period - Slapshot by Alex Laferriere.
19:22 of 3rd period - Shot Hit the Post.
19:24 of 3rd period - Wrist shot by Jaden Schwartz.
19:24 of 3rd period - Shot Misses the Net.
Goals for this period are 0 for Boston Bruins vs 1 for Pittsburgh Penguins.
Shots for this period are 7 for Boston Bruins vs 16 for Pittsburgh Penguins.